 Dungeon Crawl Stone Soup version 0.22.1-2-g9c5b331 (webtiles) character file.

46 Ceann the Sneak (level 3, -1/25 HPs)
             Began as a Gnoll Enchanter on Dec 14, 2018.
             Slain by Grinder (9 damage)
             ... on level 3 of the Dungeon.
             The game lasted 00:04:29 (2000 turns).

Ceann the Sneak (Gnoll Enchanter)                   Turns: 2000, Time: 00:04:29

Health: -1/25      AC:  2    Str: 13 (15) XL:     3   Next: 66%
Magic:  9/9        EV: 14    Int: 22 (23) God:
Gold:   141        SH:  0    Dex: 14 (15) Spells: 9/12 levels left

rFire    . . .     SeeInvis .   a - +1 dagger
rCold    . . .     Gourm    .   (no shield)
rNeg     . . .     Faith    .   b - +0 robe
rPois    .         Spirit   .   (no helmet)
rElec    .         Reflect  .   (no cloak)
rCorr    .         Harm     .   (no gloves)
MR       .....                  (no boots)
Stlth    +++.......             (no amulet)
HPRegen  0.08/turn              (no ring)
MPRegen  0.11/turn              (no ring)

@: mighty, brilliant
A: distributed training, fangs 1, strong nose
a: no special abilities


You were on level 3 of the Dungeon.
You were not hungry.

You visited 1 branch of the dungeon, and saw 3 of its levels.

You collected 141 gold pieces.

Inventory:

Hand Weapons
 a - a +1 dagger (weapon)
 v - a +0 longbow
Missiles
 e - 44 arrows
 f - 24 bolts
Armour
 b - a +0 robe (worn)
Magical Staves
 u - an uncursed staff of death
Scrolls
 c - a scroll of noise {unknown}
 g - a scroll of blinking {unknown}
 h - 3 scrolls of identify {unknown}
 i - a scroll of immolation {unknown}
 k - a scroll of enchant weapon {unknown}
 n - a scroll of amnesia {unknown}
 o - 2 scrolls of teleportation {unknown}
 q - a scroll of random uselessness {unknown}
Potions
 p - a potion of degeneration
 r - a potion of cancellation {unknown}
 s - a potion of haste {unknown}
 t - a potion of mutation {unknown}
Comestibles
 d - 6 rations


   Skills:
 + Level 0.9 Fighting
 + Level 2.6 Short Blades
 + Level 0.9 Long Blades
 + Level 0.9 Axes
 + Level 0.9 Maces & Flails
 + Level 0.9 Polearms
 + Level 0.9 Staves
 + Level 0.9 Slings
 + Level 0.9 Bows
 + Level 0.9 Crossbows
 + Level 0.9 Throwing
 + Level 0.9 Armour
 + Level 4.5 Dodging
 + Level 6.0 Stealth
 + Level 0.9 Shields
 + Level 0.9 Unarmed Combat
 + Level 5.0 Spellcasting
 + Level 0.6 Conjurations
 + Level 5.4 Hexes
 + Level 0.6 Charms
 + Level 0.6 Summonings
 + Level 0.6 Necromancy
 + Level 0.6 Translocations
 + Level 0.6 Transmutations
 + Level 0.6 Fire Magic
 + Level 0.6 Ice Magic
 + Level 0.6 Air Magic
 + Level 0.6 Earth Magic
 + Level 0.6 Poison Magic
 + Level 1.0 Invocations
 + Level 0.9 Evocations


You had 9 spell levels left.
You knew the following spells:

 Your Spells              Type           Power        Failure   Level  Hunger
a - Corona                Hex            #####..      1%          1    None
b - Ensorcelled Hibernat  Hex/Ice        ####..       1%          2    None

Your spell library contained the following spells:

 Spells                   Type           Power        Failure   Level  Hunger
 Confuse                  Hex            #####...     1%          3    ##.....
 Dazzling Spray           Conj/Hex       ####..       1%          3    ##.....
 Tukima's Dance           Hex            #####...     1%          3    ##.....


Dungeon Overview and Level Annotations

Branches:
Dungeon (3/15)

Altars:

Annotations:
D:3 Grinder


Innate Abilities, Weirdness & Mutations

Your experience applies equally to all skills.
You have very sharp teeth.
Your uncanny sense of smell can sniff out nearby items.


Message History

You feel clever all of a sudden.
It was a potion of might.
You feel very mighty all of a sudden.
It was a potion of degeneration.
There was something very wrong with that liquid.
You feel weakened.
You feel dopey.
You feel clumsy.
It was a potion of curing.
You feel better.
Grinder rolls her eyes.
Grinder misses you.
Wield which item (- for none, * to show all)? (? for menu, Esc to quit)
a - a +1 dagger (weapon)
Grinder gestures at you. Pain shoots through your body!
You hit Grinder.
Grinder is heavily wounded.
Grinder misses you.
You hit Grinder.
Grinder is severely wounded.
Grinder hits you!
You die...

##.....# #......
.......# #...(..
......#####...... ∆
......# #.....(.#
......# #.......#
......# #.......#
......# #..%....#
###.### #......5##
#.# #.......@# ∆ #.#
#........##### #.#
####.#......... #.#
#.#...###### #.#
#..........
#.##########..######
#.............#
###########...#
#...#


You could see Grinder.

Vanquished Creatures
  An adder (D:2)
  A worm (D:3)
  2 dart slugs
  A leopard gecko (D:1)
  2 bats
  2 giant cockroaches
  2 goblins (D:1)
  3 hobgoblins
  2 jackals (D:2)
  4 kobolds
  5 frilled lizards
  4 rats
29 creatures vanquished.

Notes
Turn   | Place    | Note
-------+----------+-------------------------------------------
     0 | D:1      | Ceann the Gnoll Enchanter began the quest for the Orb.
     0 | D:1      | Reached XP level 1. HP: 13/13 MP: 6/6
   239 | D:1      | Reached XP level 2. HP: 18/19 MP: 7/7
   243 | D:1      | Learned a level 2 spell: Ensorcelled Hibernation
   914 | D:2      | Reached XP level 3. HP: 9/25 MP: 9/9
  1089 | D:2      | Reached skill level 5 in Spellcasting
  1588 | D:2      | Reached skill level 6 in Stealth
  1908 | D:3      | Reached skill level 1 in Invocations
  1989 | D:3      | Noticed Grinder
  2000 | D:3      | Slain by Grinder

Skill      XL: |  1  2  3 |
---------------+----------+-----
Spellcasting   | 5 |  5.0
Stealth        | 6 |  6.0
Invocations    | 1 |  1.0
Fighting       | |  0.9
Short Blades   | |  2.6
Long Blades    | |  0.9
Axes           | |  0.9
Maces & Flails | |  0.9
Polearms       | |  0.9
Staves         | |  0.9
Slings         | |  0.9
Bows           | |  0.9
Crossbows      | |  0.9
Throwing       | |  0.9
Armour         | |  0.9
Dodging        | |  4.5
Shields        | |  0.9
Unarmed Combat | |  0.9
Conjurations   | |  0.6
Hexes          | |  5.4
Charms         | |  0.6
Summonings     | |  0.6
Necromancy     | |  0.6
Translocations | |  0.6
Transmutations | |  0.6
Fire Magic     | |  0.6
Ice Magic      | |  0.6
Air Magic      | |  0.6
Earth Magic    | |  0.6
Poison Magic   | |  0.6
Evocations     | |  0.9

Action                   || total
-------------------------++-------
Melee: Dagger            ||    74
       Bite              ||     5
       Punch             ||     1
 Fire: Longbow           ||     2
 Cast: Ensorcelled Hiber ||     5
  Use: Potion            ||     4
 Stab: Sleeping          ||     7
  Eat: Chunk             ||     3
Armor: Robe              ||     8
Dodge: Dodged            ||    39
